 Dungeon Crawl Stone Soup version 0.23.2 (webtiles) character file.

Game seed: 13387384675211010887

19473 Borgoz the Slicer (level 12, -13/75 HPs)
             Began as a Gargoyle Gladiator on Apr 8, 2019.
             Was a Follower of Ashenzari.
             Mangled by a bog body (16 damage)
             ... on level 2 of the Lair of Beasts.
             The game lasted 00:37:13 (13826 turns).

Borgoz the Slicer (Gargoyle Gladiator)             Turns: 13826, Time: 00:37:15

Health: -13/75     AC: 23    Str: 18    XL:     12   Next: 69%
Magic:  0/15       EV: 18    Int: 10    God:    Ashenzari [*.....]
Gold:   681        SH:  0    Dex: 21    Spells: 3/11 levels left

rFire    + . .     SeeInvis .   a - +1 rapier (venom)
rCold    . . .     Gourm    .   (no shield)
rNeg     + . .     Faith    .   B - +1 ring mail {rF+}
rPois    ∞         Spirit   +   x - +2 hat
rElec    +         Reflect  .   o - +2 cloak
rCorr    .         Harm     .   F - +0 pair of gloves
MR       +....                  (no boots)
Stlth    ++++......             u - amulet of guardian spirit
HPRegen  0.22/turn              J - +6 ring of dexterity
MPRegen  0.14/turn              A - ring of protection from magic

@: about to teleport
A: negative energy resistance 1, electricity resistance, unbreathing,
petrification resistance, rot immunity, AC +8
a: Curse Item, Scrying, Renounce Religion


You were on level 2 of the Lair of Beasts.
You worshipped Ashenzari.
Ashenzari was aware of your devotion.
You were not hungry.

You visited 3 branches of the dungeon, and saw 14 of its levels.

You collected 681 gold pieces.

Inventory:

Hand Weapons
 a - a +1 rapier of venom (weapon)
Missiles
 Q - 5 javelins (quivered)
Armour
 h - a +1 ring mail of cold resistance
 o - a +2 cloak (worn)
 x - a +2 hat (worn)
 B - a +1 ring mail of fire resistance (worn)
 F - a +0 pair of gloves (worn)
 S - a +0 troll leather armour
Jewellery
 t - an uncursed ring of magical power
 u - an amulet of guardian spirit (around neck)
 w - an uncursed ring of protection from magic
 z - an uncursed ring of wizardry
 A - a ring of protection from magic (right hand)
 J - a +6 ring of dexterity (left hand)
Wands
 C - a wand of iceblast (16)
 L - a wand of enslavement (10)
 X - a wand of scattershot (6)
Scrolls
 c - a scroll of enchant weapon
 d - a scroll of summoning {unknown}
 e - a scroll of identify
 g - 4 scrolls of remove curse
 i - 2 scrolls of immolation {unknown}
 j - 5 scrolls of magic mapping
 k - 2 scrolls of amnesia {unknown}
 m - 4 scrolls of enchant armour
 v - 4 scrolls of teleportation
 I - a scroll of blinking {unknown}
 K - a scroll of holy word {unknown}
 N - a scroll of torment {unknown}
 O - a scroll of acquirement {unknown}
 P - a scroll of fog
Potions
 b - a potion of agility
 l - 2 potions of might
 p - a potion of heal wounds
 q - a potion of magic
 r - 3 potions of haste
 s - 2 potions of brilliance
 G - a potion of flight
 M - 2 potions of curing
 V - 2 potions of mutation
Comestibles
 f - 25 rations


   Skills:
 + Level 8.7 Fighting
 * Level 10.3 Short Blades
 - Level 1.7 Throwing
 + Level 8.2 Armour
 * Level 9.4 Dodging
 + Level 9.1 Stealth
 + Level 4.2 Evocations


You had 3 spell levels left.
You knew the following spells:

 Your Spells              Type           Power        Failure   Level  Hunger
a - Blink                 Tloc           N/A          67%         2    ###....
b - Mephitic Cloud        Conj/Pois/Air  #.......     88%         3    ####...
c - Regeneration          Chrm/Necr      #.........   88%         3    ####...

Your spell library contained the following spells:

 Spells                   Type           Power        Failure   Level  Hunger
 Infusion                 Chrm           #...         52%         1    ##.....
 Magic Dart               Conj           #...         52%         1    ##.....
 Call Imp                 Summ           #.......     67%         2    ###....
 Searing Ray              Conj           #.....       67%         2    ###....
 Shroud of Golubria       Chrm/Tloc      #.........   67%         2    ###....
 Slow                     Hex            #.......     67%         2    ###....
 Song of Slaying          Chrm           #.......     67%         2    ###....
 Conjure Flame            Conj/Fire      #.......     88%         3    ####...
 Dazzling Spray           Conj/Hex       #.....       88%         3    ####...
 Spectral Weapon          Hex/Chrm       #.......     88%         3    ####...
 Force Lance              Conj/Tloc      #.......     99%         4    #####..
 Fulminant Prism          Conj/Hex       #.........   99%         4    #####..
 Iskenderun's Mystic Bla  Conj           #.......     99%         4    #####..


Dungeon Overview and Level Annotations

Branches:
Dungeon (11/15)            Temple (1/1) D:7            Lair (2/6) D:11
  Swamp (0/4) Lair:2       Spider (0/4) Lair:2
    Orc: D:9-12

Altars:
Ashenzari
Cheibriados
Dithmenos
Elyvilon
Fedhas
Gozag
Hepliaklqana
Kikubaaqudgha
Makhleb
Nemelex Xobeh
Okawaru
Qazlal
Ru
Sif Muna
Trog
Uskayaw
Vehumet
Wu Jian
Xom
Yredelemnul
Zin
The Shining One

Annotations:
D:7 Harold
D:11 2 transporters, bmj180's ghost, novice MiMo


Innate Abilities, Weirdness & Mutations

You are resistant to torment.
Your stone body is resilient. (AC +8)
You are immune to poison.
You resist negative energy. (rN+)
You are resistant to electric shocks. (rElec)
You can survive without breathing.
You are immune to petrification.
You are immune to rotting.


Message History

The bog body is moderately damaged.
The swamp worm bites you!
* * * LOW HITPOINT WARNING * * *
The bog body completely misses you. The bog body closely misses you.
The bog body points at you and mumbles some strange words.
You resist with almost no effort.
The swamp worm throws harpoon shot at you.
The harpoon shot hits you but does no damage.
As you read the scroll of teleportation, it crumbles to dust.
You feel strangely unstable. The bog body hits you.
* * * LOW HITPOINT WARNING * * *
The bog body completely misses you.
The swamp worm throws harpoon shot at you.
The harpoon shot hits you!!
* * * LOW HITPOINT WARNING * * *
You are yanked forward by the harpoon shot.
The bog body closely misses you. The bog body touches you.
* * * LOW HITPOINT WARNING * * *
The bog body freezes you!
You die...

.......#.....# ######.........##
.......#....### ### ##.........#
........P...#.####.###.#......###
.............)..............###
###P.....♣♣♣♣♣♣♣♣...........P#
#..♣♣♣♣♣♣♣♣♣♣♣♣♣♣♣♣♣.....###
##.♣♣§§≈≈≈≈≈≈≈♣≈♣≈≈≈♣♣♣...## #..♣
§.§♣....w♣.......⌠...# ##.♣
§§§§§...nn@...♣...⌠..##
#.♣♣§§≈§≈;≈≈≈≈≈≈≈≈≈♣♣♣....#
#..♣♣♣♣♣♣♣♣♣♣♣♣♣♣♣♣♣...#.## #..P#
♣......#...# ##..# ##P##..##..##
##.## ####P.#.# #..# ##..###
#..### ##### ### #.#.#
##...#####.P.###.#####..#


You could see 2 bog bodies, a swamp worm and an electric eel.

Vanquished Creatures
  Erolcha (D:9)
  Fannar (D:11)
  A two-headed ogre (D:7)
  2 unseen horrors
  Pikel (D:6)
  7 deep elf magi (D:11)
  An elephant (D:11)
  Maurice (D:8)
  4 spiny frogs
  A komodo dragon (D:10)
  Prince Ribbit (D:8)
  A troll (D:10)
  A hornet (D:11)
  2 hippogriffs
  A spriggan (D:7)
  Sigmund (D:5)
  10 yaks
  A shadow (D:11)
  Eustachio (D:6)
  A basilisk (Lair:2)
  A hungry ghost (D:9)
  Menkaure (D:5)
  2 swamp worms (Lair:2)
  An acid dragon (D:11)
  Duvessa (D:4)
  4 porcupines
  3 water moccasins
  2 sky beasts
  An orc warrior (D:10)
  A black bear (D:6)
  5 phantoms
  4 slaves (D:6)
  2 ice beasts
  5 wolves (Lair:1)
  3 ogres
  14 centaurs
  7 crocodiles
  A big kobold (D:9)
  10 bullfrogs
  Dowan (D:4)
  3 scorpions (D:9)
  13 killer bees
  6 wights (D:11)
  3 crimson imps
  A howler monkey (D:5)
  A bullfrog zombie (D:7)
  4 quasits
  8 hounds
  4 jellies
  6 orc wizards
  Crazy Yiuf (D:6)
  An orc priest (D:10)
  A centaur skeleton (D:3)
  2 iguanas
  9 worker ants
  Ijyb (D:4)
  Terence (D:2)
  2 hound skeletons
  2 howler monkey zombies
  A worker ant zombie (D:11)
  4 gnolls (D:5)
  12 adders
  5 shadow imps
  An adder skeleton (D:6)
  An adder zombie (D:7)
  3 worms
  2 dart slugs
  11 leopard geckos
  18 orcs
  7 bats
  A giant cockroach (D:6)
  6 goblins
  6 hobgoblins
  14 jackals
  5 quokkas
  6 ball pythons
  2 frilled lizards (D:1)
  6 kobolds
  9 rats
298 creatures vanquished.

Vanquished Creatures (others)
  A plant (Lair:2)
1 creature vanquished.

Grand Total: 299 creatures vanquished

Notes
Turn   | Place    | Note
-------+----------+-------------------------------------------
     0 | D:1      | Borgoz the Gargoyle Gladiator began the quest for the Orb.
     0 | D:1      | Reached XP level 1. HP: 12/12 MP: 1/1
   172 | D:1      | Reached XP level 2. HP: 17/18 MP: 2/2
   647 | D:1      | Reached skill level 3 in Short Blades
   891 | D:2      | Reached XP level 3. HP: 22/22 MP: 3/3
   923 | D:2      | Reached skill level 1 in Stealth
   926 | D:2      | Noticed Terence
   948 | D:2      | Killed Terence
   948 | D:2      | Reached skill level 1 in Armour
   948 | D:2      | Reached XP level 4. HP: 12/27 MP: 4/4
  1243 | D:2      | Found a white marble altar of Elyvilon.
  1753 | D:3      | Reached XP level 5. HP: 32/32 MP: 3/5
  1915 | D:3      | Found a glowing silver altar of Zin.
  1944 | D:3      | Found a burning altar of Makhleb.
  1972 | D:3      | Reached skill level 4 in Short Blades
  2016 | D:3      | Noticed an angel
  2016 | D:3      | Noticed a green death
  2414 | D:4      | Reached XP level 6. HP: 28/37 MP: 3/6
  2567 | D:4      | Noticed Ijyb
  2615 | D:4      | Killed Ijyb
  2692 | D:4      | Noticed a phantom
  2695 | D:4      | Noticed Duvessa
  2696 | D:4      | Noticed Dowan
  2729 | D:4      | Killed Duvessa
  2729 | D:4      | Reached XP level 7. HP: 34/42 MP: 7/7
  2740 | D:4      | Killed Dowan
  3082 | D:4      | Found a glowing golden altar of the Shining One.
  3628 | D:5      | Entered Level 5 of the Dungeon
  3721 | D:5      | Noticed Menkaure
  3731 | D:5      | Killed Menkaure
  3733 | D:5      | Reached skill level 5 in Short Blades
  4097 | D:5      | Reached XP level 8. HP: 19/48 MP: 3/8
  4396 | D:5      | Noticed Sigmund
  4411 | D:5      | Killed Sigmund
  4574 | D:6      | Found a shimmering altar of Xom.
  4699 | D:6      | Reached skill level 5 in Dodging
  4880 | D:6      | Noticed Pikel
  4891 | D:6      | Noticed Eustachio
  4960 | D:6      | Killed Eustachio
  4960 | D:6      | Reached skill level 6 in Short Blades
  4974 | D:6      | Killed Pikel
  4974 | D:6      | Reached skill level 5 in Fighting
  4974 | D:6      | Reached XP level 9. HP: 23/54 MP: 4/9
  5158 | D:6      | Found a sparkling altar of Nemelex Xobeh.
  5177 | D:6      | Reached skill level 5 in Stealth
  5382 | D:6      | Found a runed translucent door.
  5387 | D:6      | Got an ivory mace
  5388 | D:6      | Noticed Crazy Yiuf
  5393 | D:6      | Identified the +4 mace of Springtime {freeze, rN+} (You
                  | found it on level 6 of the Dungeon)
  5408 | D:6      | Killed Crazy Yiuf
  5756 | D:7      | Reached skill level 5 in Armour
  6104 | D:7      | Noticed a two-headed ogre
  6133 | D:7      | Killed a two-headed ogre
  6133 | D:7      | Reached skill level 7 in Short Blades
  6133 | D:7      | Reached XP level 10. HP: 18/60 MP: 3/10
  6498 | D:7      | Found a staircase to the Ecumenical Temple.
  6527 | Temple   | Entered the Ecumenical Temple
  6598 | Temple   | Became a worshipper of Ashenzari the Shackled
  6718 | D:7      | Noticed Harold
  6925 | D:8      | Noticed Prince Ribbit
  7292 | D:8      | Noticed Maurice
  7723 | D:8      | Killed Prince Ribbit
  7962 | D:8      | Reached skill level 8 in Short Blades
  8446 | D:8      | Killed Maurice
  8719 | D:9      | Learned a level 2 spell: Blink
  8723 | D:9      | Learned a level 3 spell: Mephitic Cloud
  8727 | D:9      | Learned a level 3 spell: Regeneration
  8816 | D:9      | Killed an unseen horror
  8982 | D:9      | Reached skill level 1 in Evocations
  9013 | D:9      | Noticed Erolcha
  9033 | D:9      | Killed Erolcha
  9033 | D:9      | Reached XP level 11. HP: 67/67 MP: 10/12
  9668 | D:10     | Entered Level 10 of the Dungeon
 10264 | D:11     | Noticed a deep elf mage
 10264 | D:11     | Noticed a deep elf mage
 10264 | D:11     | Noticed a deep elf mage
 10264 | D:11     | Noticed a deep elf mage
 10264 | D:11     | Noticed a deep elf mage
 10264 | D:11     | Noticed a deep elf mage
 10264 | D:11     | Noticed a deep elf mage
 10421 | D:11     | Noticed Fannar
 10434 | D:11     | Killed Fannar
 10434 | D:11     | Reached skill level 9 in Short Blades
 10526 | D:11     | Found a transporter.
 10529 | D:11     | Killed a deep elf mage
 10557 | D:11     | Killed a deep elf mage
 10564 | D:11     | Noticed bmj180's ghost (novice MiMo)
 10601 | D:11     | Killed an unseen horror
 10610 | D:11     | Found a transporter.
 10637 | D:11     | Reached * piety under Ashenzari
 10958 | D:11     | Found a staircase to the Lair.
 11326 | D:11     | Killed a deep elf mage
 11393 | D:11     | Reached XP level 12. HP: 53/73 MP: 10/14
 12024 | Lair:1   | Entered Level 1 of the Lair of Beasts
 12025 | Lair:1   | Reached skill level 10 in Short Blades
 13256 | Lair:2   | Found a hole to the Spider Nest.
 13816 | Lair:2   | Found a staircase to the Swamp.
 13826 | Lair:2   | HP: 3/75 [bog body (2)]
 13826 | Lair:2   | Mangled by a bog body

Skill      XL: |  1  2  3  4  5  6  7  8  9 10 11 12 |
---------------+-------------------------------------+-----
Short Blades   | 3 4 5 6 7 8 9 10 | 10.3
Stealth        | 1 2 3 4 5 7 8 9 |  9.1
Armour         | 1 2 3 4 5 6 7 8 |  8.2
Dodging        | 3 4 5 6 7 8 9 |  9.4
Fighting       | 3 4 5 6 7 8 |  8.7
Evocations     | 1 3 4 |  4.2
Throwing       | |  1.7

Action                   |  1- 3 |  4- 6 |  7- 9 | 10-12 || total
-------------------------+-------+-------+-------+-------++-------
Melee: Rapier            |   103 |   327 |   292 |   261 ||   983
       Dagger            |       |       |   128 |   751 ||   879
       Short sword       |       |       |       |   483 ||   483
Throw: Throwing net      |       |     2 |     2 |       ||     4
Evoke: Wand              |       |       |     3 |     3 ||     6
  Use: Potion            |     2 |       |     5 |     6 ||    13
       Scroll            |       |       |     9 |    11 ||    20
 Stab: Invisible         |       |       |     4 |       ||     4
       Held in net/web   |       |       |     1 |       ||     1
       Sleeping          |       |       |     1 |    27 ||    28
       Distracted        |       |       |       |     4 ||     4
  Eat: Chunk             |       |     3 |     8 |    26 ||    37
       Ration            |       |     1 |     1 |     1 ||     3
Armor: Leather armour    |    55 |    35 |   204 |   160 ||   454
       Ring mail         |       |   160 |       |   311 ||   471
       Troll leather arm |       |       |       |     8 ||     8
Dodge: Dodged            |   110 |   299 |   405 |   876 ||  1690
